 Dungeon Crawl Stone Soup version 0.30.1-4-g462c640d31 (webtiles) character file.

Game seed: 15147189483469495784

58 Almogavar the Gusty (level 4, -3/32 HPs)
             Began as a Gnoll Wanderer on Sept 7, 2023.
             Slain by Grinder (9 damage)
             ... on level 3 of the Dungeon.
             The game lasted 00:04:33 (1523 turns).

Almogavar the Gusty (Gnoll Wanderer)                Turns: 1523, Time: 00:04:34

Health: -3/32      AC:  4    Str: 10    XL:     4   Next: 1%
Magic:  5/8        EV: 11    Int: 14    God:
Gold:   108        SH:  0    Dex: 12    Spells: 7/8 levels left

rFire   . . .        f - +0 double sword
rCold   . . .        (no shield)
rNeg    + . .        e - +0 robe
rPois   .            g - +2 hat
rElec   .            (no cloak)
rCorr   .            (no gloves)
SInv    .            (no boots)
Will    .....        (no amulet)
Stlth   ++           h - ring of positive energy
HPRegen 0.25/turn    (no ring)
MPRegen 0.11/turn

%: no passive effects
@: no status effects
A: fangs 1, strong nose, distributed training
a: no special abilities


You were on level 3 of the Dungeon.
You visited 1 branch of the dungeon, and saw 3 of its levels.

You collected 108 gold pieces.

Inventory:

Hand Weapons
 a - a +0 falchion
 c - a +0 dagger
 f - a +0 double sword (weapon)
Missiles
 b - 10 poisoned darts (quivered)
Armour
 e - a +0 robe (worn)
 g - a +2 hat (worn)
 j - a +0 leather armour
Jewellery
 h - a ring of positive energy (left hand)
Scrolls
 l - a scroll of teleportation
 n - 2 scrolls of blinking {unknown}
 p - a scroll of torment {unknown}
Potions
 d - 3 potions of curing
 k - a potion of flight {unknown}
 o - a potion of degeneration {unknown}


   Skills:
 + Level 1.0 Fighting
 + Level 1.0 Short Blades
 + Level 2.7 Long Blades
 + Level 1.0 Axes
 + Level 1.0 Maces & Flails
 + Level 1.0 Polearms
 + Level 1.0 Staves
 + Level 1.0 Ranged Weapons
 + Level 2.7 Throwing
 + Level 1.0 Armour
 + Level 1.0 Dodging
 + Level 4.2 Stealth
 + Level 1.0 Shields
 + Level 1.0 Unarmed Combat
 + Level 2.9 Spellcasting
 + Level 0.8 Conjurations
 + Level 0.8 Hexes
 + Level 0.8 Summonings
 + Level 0.8 Necromancy
 + Level 0.8 Translocations
 + Level 0.8 Transmutations
 + Level 0.8 Fire Magic
 + Level 0.8 Ice Magic
 + Level 7.1 Air Magic
 + Level 0.8 Earth Magic
 + Level 0.8 Poison Magic
 + Level 1.1 Invocations
 + Level 2.7 Evocations


You had 7 spell levels left.
You knew the following spells:

 Your Spells              Type           Power      Damage    Failure   Level
a - Shock                 Conj/Air       52%        1d6       4%          1

Your spell library contained the following spells:

 Spells                   Type           Power      Damage    Failure   Level
 Poisonous Vapours        Pois/Air       26%        N/A       6%          2
 Vhi's Electric Charge    Tloc/Air       26%        N/A       13%         3
 Summon Lightning Spire   Summ/Air       13%        N/A       38%         4
 Arcjolt                  Conj/Air       6%         1d16      75%         5
 Plasma Beam              Fire/Air       6%         2x1d18    100%        6


Dungeon Overview and Level Annotations

Branches:
Dungeon (3/15)

Altars:

Annotations:
D:3 Grinder


Innate Abilities, Weirdness & Mutations

You have very sharp teeth.
Your uncanny sense of smell can sniff out nearby items.
Your experience applies equally to all skills.


Message History

You slash Grinder!
Grinder is heavily wounded.
Grinder hits you.
You writhe in agony.
You hit Grinder.
Grinder is heavily wounded.
Grinder gestures at you.
You suddenly lose the ability to move!
Grinder hits you.
Grinder blinks!
Grinder gestures at you. You resist with significant effort.
You can move again.
Casting: Shock (safe; 4% risk of failure)
Confirm with . or Enter, or press ? or * to list all spells.
Aiming: Shock (safe; 4% risk of failure)
Press: ? - help, Shift-Dir - straight line, f/p - Grinder
Aim: Grinder (heavily wounded, 64% to hit)
The zap misses Grinder.
You hit Grinder.
Grinder is severely wounded.
Grinder hits you!
You writhe in agony.
Grinder barely misses you.
Unknown command.
You hit Grinder.
Grinder is severely wounded.
Grinder closely misses you.
You hit Grinder but do no damage.
Grinder is severely wounded.
Grinder closely misses you. Grinder gestures at you.
Pain shoots through your body!
* * * LOW HITPOINT WARNING * * *
You barely miss Grinder.
Grinder is severely wounded.
Grinder gestures at you. Pain shoots through your body!
* * * LOW HITPOINT WARNING * * *
You closely miss Grinder.
Grinder is severely wounded.
Grinder hits you!
You die...

#..# #.# #..# #.#
# #..# #.# # #.
#..####.#
##.#.####.......#
........#..######
...........#
##.#.##5#.## #
#@#.# #.#.# #$...
....# #.#.# #.#.#
..#># #.. #


You could see Grinder.

Vanquished Creatures
  Jessica (D:2)
  An adder (D:2)
  A dart slug (D:1)
  A ball python (D:1)
  3 endoplasms (D:1)
  A giant cockroach (D:3)
  A hobgoblin (D:2)
  2 kobolds (D:1)
  4 quokkas
  2 frilled lizards (D:1)
  3 rats
20 creatures vanquished.

Notes
Turn   | Place    | Note
-------+----------+-------------------------------------------
     0 | D:1      | Almogavar the Gnoll Wanderer began the quest for the Orb.
     0 | D:1      | Almogavar set off with the following items: a +0 falchion,
                  | 10 poisoned darts, a +0 dagger, a potion of curing, a +0
                  | robe; and the following spell memorised: Shock; and the
                  | following spells available to memorise: Poisonous Vapours,
                  | Summon Lightning Spire.
     0 | D:1      | Reached XP level 1. HP: 13/13 MP: 4/4
   264 | D:1      | Reached XP level 2. HP: 15/19 MP: 5/5
   636 | D:2      | Noticed Jessica
   647 | D:2      | Killed Jessica
   648 | D:2      | Reached skill level 1 in Invocations
   648 | D:2      | Reached XP level 3. HP: 23/25 MP: 4/7
   858 | D:2      | Found a faded altar of an unknown god.
  1102 | D:2      | Reached skill level 1 in Fighting
  1102 | D:2      | Reached skill level 1 in Short Blades
  1102 | D:2      | Reached skill level 1 in Axes
  1102 | D:2      | Reached skill level 1 in Maces & Flails
  1102 | D:2      | Reached skill level 1 in Polearms
  1102 | D:2      | Reached skill level 1 in Staves
  1102 | D:2      | Reached skill level 1 in Ranged Weapons
  1102 | D:2      | Reached skill level 1 in Armour
  1102 | D:2      | Reached skill level 1 in Dodging
  1102 | D:2      | Reached skill level 1 in Shields
  1102 | D:2      | Reached skill level 1 in Unarmed Combat
  1469 | D:3      | Reached XP level 4. HP: 32/32 MP: 4/8
  1506 | D:3      | Noticed Grinder
  1514 | D:3      | Paralysed by Grinder for 4 turns
  1523 | D:3      | Slain by Grinder

Illustrated notes

Levels and vault maps discovered:
D:1:      minmay_arrival_jagged, layout_basic, serial_bayou_pond_c,
          item_on_display_a
D:2:      layout_loops_ring, basic_ecumenical_altar, uniq_jessica
D:3:      layout_loops_ring, nemelex_xobeh_ov_fountains_minmay, minmay_cupped,
          uniq_grinder, uniq_natasha

Skill      XL: |  1  2  3 |
---------------+----------+-----
Invocations    | 1 |  1.1
Fighting       | 1 |  1.0
Short Blades   | 1 |  1.0
Axes           | 1 |  1.0
Maces & Flails | 1 |  1.0
Polearms       | 1 |  1.0
Staves         | 1 |  1.0
Ranged Weapons | 1 |  1.0
Armour         | 1 |  1.0
Dodging        | 1 |  1.0
Shields        | 1 |  1.0
Unarmed Combat | 1 |  1.0
Long Blades    | |  2.7
Throwing       | |  2.7
Stealth        | |  4.2
Spellcasting   | |  2.9
Conjurations   | |  0.8
Hexes          | |  0.8
Summonings     | |  0.8
Necromancy     | |  0.8
Translocations | |  0.8
Transmutations | |  0.8
Fire Magic     | |  0.8
Ice Magic      | |  0.8
Air Magic      | |  7.1
Earth Magic    | |  0.8
Poison Magic   | |  0.8
Evocations     | |  2.7

Action                     |  1- 3 |  4- 6 || total
---------------------------+-------+-------++-------
  Melee: Double sword      |    41 |     7 ||    48
         Bite              |     2 |       ||     2
         Dagger            |    11 |       ||    11
   Cast: Shock             |    15 |     4 ||    19
    Use: Scroll            |     2 |       ||     2
   Stab: Sleeping          |     5 |       ||     5
 Armour: Robe              |     7 |       ||     7
  Dodge: Dodged            |    31 |     3 ||    34
